Map: Ulrena

Players

AcerBly (Bly) - Winner!

  • Race: Zerg Zerg
  • League: Grandmaster

MinChul (MC)

  • Race: Protoss Protoss

Event: Homestory Cup XII

VOD

Have the link to the VOD?

Description

Time

  • Played on: Dec. 18, 2015, 8:50 a.m.
  • Length: 11:18

All games in this series

Show
View Real Time Build Order
Export as new Build Order

AcerBly Zerg - Winner!

Build Orders: Hatch First 

Get SALT Encoding   

  12  0:00  Drone  
  13  0:12  Overlord  
  13  0:19  Drone  
  14  0:31  Drone x2  
  14  0:35  Drone  
  17  0:52  Hatchery  
  16  1:06  Spawning Pool  
  16  1:08  Drone  
  16  1:13  Drone  
  16  1:16  Drone  
  18  1:34  Drone  
  19  1:49  Hatchery  
  18  1:55  Zergling x6  
  21  2:03  Queen  
  21  2:04  Zergling x2  
  24  2:10  Drone  
  25  2:15  Drone  
  25  2:19  Overlord  
  26  2:24  Queen  
  28  2:38  Overlord  
  28  2:39  Zergling x6  
  28  2:42  Extractor  
  30  2:48  Drone  
  31  2:56  Zergling x2  
  30  3:06  Drone x2  
  30  3:10  Drone x3  
  35  3:24  Drone x5  
  39  3:31  Drone x2  
  40  3:35  Roach Warren  
  40  3:39  Zergling x2  
  40  3:40  Zergling x6  
  43  3:41  Drone  
  43  3:43  Spine Crawler  
  43  4:04  Drone x2  
  43  4:05  Drone x2  
  43  4:07  Drone  
  47  4:11  Drone x2  
  47  4:15  Spore Crawler  
  47  4:16  Spore Crawler  
  47  4:23  Drone  
  47  4:25  Drone x3  
  47  4:30  Spore Crawler  
  49  4:32  Overlord x3  
  47  4:50  Zergling x14  
  47  4:52  Queen  
  51  4:56  Queen  
  51  4:57  Queen  
  51  4:59  Roach  
  54  5:01  Roach  
  54  5:02  Roach  
  54  5:06  Metabolic Boost  
  58  5:09  Extractor  
  58  5:13  Roach x2  
  58  5:14  Roach  
  59  5:17  Drone  
  60  5:26  Drone x2  
  60  5:27  Drone x2  
  64  5:34  Overlord  
  59  5:38  Drone x2  
  59  5:39  Drone x2  
  61  5:43  Drone  
  61  5:49  Drone x2  
  64  5:50  Lair  
  64  5:55  Drone  
  63  6:06  Queen  
  63  6:08  Drone x3  
  66  6:13  Queen  
  66  6:15  Drone x3  
  71  6:20  Overlord  
  71  6:22  Extractor  
  71  6:25  Overlord  
  68  6:37  Drone x3  
  70  6:40  Drone x3  
  70  6:44  Drone x2  
  72  6:48  Drone  
  72  6:49  Drone  
  72  6:52  Extractor  
  72  6:55  Spire  
  72  6:58  Drone x3  
  73  7:01  Extractor  
  73  7:02  Extractor  
  73  7:04  Overlord  
  73  7:07  Drone x2  
  73  7:08  Drone x2  
  75  7:12  Overlord  
  75  7:13  Queen x2  
  79  7:24  Roach x5  
  89  7:32  Roach x2  
  89  7:33  Roach x2  
  94  7:40  Roach x3  
  94  7:41  Overlord  
  98  7:46  Overlord  
  94  7:54  Queen  
  94  7:55  Queen  
  96  8:00  Zergling x8  
  96  8:01  Zergling x8  
  96  8:02  Overlord  
  96  8:05  Glial Reconstitution  
  100  8:08  Overlord  
  100  8:11  Mutalisk  
  100  8:12  Mutalisk  
  102  8:16  Mutalisk  
  102  8:18  Mutalisk  
  108  8:21  Mutalisk  
  108  8:25  Ravager  
  111  8:32  Mutalisk x4  
  116  8:40  Mutalisk x2  
  113  8:44  Mutalisk  
  113  8:52  Drone x3  
  113  8:54  Drone, Hydralisk Den  
  116  8:58  Overlord  
  116  8:59  Ravager  
  116  9:00  Ravager  
  112  9:24  Mutalisk x4  
  101  9:31  Mutalisk  
  107  9:38  Drone  
  107  9:39  Drone x7  
  107  9:53  Hatchery  
  107  9:56  Roach x4  
  107  9:58  Muscular Augments  
  110  10:16  Hydralisk x6  
  108  10:36  Hydralisk x8  
  108  10:41  Hydralisk  
  124  10:48  Ravager x2  
  138  11:17  Extractor  
Show
View Real Time Build Order
Export as new Build Order

MinChul Protoss 

Build Orders: Oracle Opening 

Get SALT Encoding   

  12  0:00  Probe (Chrono Boost)  
  13  0:11  Probe (Chrono Boost)  
  14  0:22  Probe (Chrono Boost), Pylon  
  15  0:40  Probe (Chrono Boost)  
  16  0:43  Gateway  
  16  0:45  Assimilator  
  16  0:51  Probe (Chrono Boost)  
  16  0:53  Assimilator  
  17  1:01  Probe (Chrono Boost)  
  18  1:12  Gateway, Probe (Chrono Boost)  
  19  1:22  Probe (Chrono Boost)  
  20  1:30  Cybernetics Core  
  20  1:33  Probe (Chrono Boost)  
  20  1:38  Pylon  
  21  1:43  Probe (Chrono Boost)  
  23  1:54  Probe (Chrono Boost)  
  23  2:06  Adept x2  
  27  2:16  Stargate  
  31  2:38  Warp Gate (Chrono Boost)  
  31  2:42  Pylon  
  31  2:55  Pylon  
  30  3:07  Pylon  
  30  3:09  Adept (Chrono Boost)  
  30  3:10  Mothership Core (Chrono Boost), Adept (Chrono Boost)  
  31  3:15  Pylon  
  31  3:16  Pylon  
  30  3:33  Probe, Oracle (Chrono Boost)  
  34  3:39  Adept  
  34  3:40  Adept  
  38  3:45  Probe  
  39  3:57  Probe  
  39  4:10  Oracle (Chrono Boost)  
  39  4:26  Nexus  
  39  4:29  Probe  
  40  4:40  Adept  
  40  4:41  Adept  
  40  5:02  Adept x2  
  40  5:04  Oracle (Chrono Boost)  
  47  5:34  Pylon  
  47  5:37  Probe  
  47  5:40  Void Ray (Chrono Boost)  
  48  5:48  Probe  
  48  5:49  Probe  
  45  5:52  Sentry x2  
  50  5:59  Probe  
  50  6:01  Probe  
  52  6:09  Probe  
  52  6:10  Robotics Facility  
  53  6:13  Probe  
  51  6:20  Probe  
  52  6:25  Probe  
  52  6:26  Adept  
  52  6:27  Adept  
  52  6:30  Probe  
  58  6:38  Probe  
  57  6:41  Probe  
  58  6:50  Probe  
  58  6:51  Probe  
  60  6:58  Warp Prism (Chrono Boost)  
  60  6:59  Adept x2  
  67  7:05  Assimilator  
  67  7:07  Assimilator  
  65  7:09  Pylon  
  65  7:12  Probe (Chrono Boost)  
  65  7:13  Probe (Chrono Boost)  
  67  7:22  Probe (Chrono Boost)  
  68  7:26  Probe (Chrono Boost)  
  69  7:33  Probe (Chrono Boost)  
  71  7:38  Probe (Chrono Boost)  
  69  7:51  Nexus  
  67  7:53  Immortal  
  67  7:54  Pylon  
  67  7:58  Adept x2  
  68  8:01  Probe x2 (Chrono Boost), Phoenix (Chrono Boost)  
  68  8:14  Stargate  
  68  8:15  Gateway  
  68  8:19  Sentry  
  70  8:20  Sentry  
  70  8:25  Gateway  
  72  8:34  Immortal  
  76  8:42  Phoenix (Chrono Boost)  
  76  8:46  Adept x2  
  82  8:48  Probe  
  82  8:51  Pylon  
  82  8:53  Probe  
  84  9:02  Pylon  
  84  9:03  Probe  
  84  9:04  Probe, Pylon  
  82  9:13  Phoenix (Chrono Boost)  
  82  9:15  Adept  
  82  9:22  Mothership Core  
  72  9:25  Phoenix (Chrono Boost)  
  69  9:31  Probe x2  
  69  9:37  Phoenix (Chrono Boost)  
  69  9:43  Probe  
  69  9:45  Stalker  
  66  9:46  Stalker  
  66  9:49  Immortal  
  56  9:58  Phoenix (Chrono Boost)  
  60  10:02  Mothership Core  
  58  10:13  Stalker x2  
  55  10:19  Stalker  
  51  10:26  Phoenix (Chrono Boost)  
  46  10:32  Phoenix (Chrono Boost)  
  46  10:34  Probe x2  
  42  10:55  Phoenix (Chrono Boost)  
Tags
 
Add a new tag
Caveats
  • Supply blocks, unpowered buildings, or Contaminate may cause inaccurate times.
  • Supply counts are checked every 10 seconds.